AoeStats
← Red Calypso

Lombardia

507073211Analyzed
4v4 RM · 16d ago on Sep 16, 2026· 36m 56s· 8 players
Game mode
Random Map
Map size
Large (8 player)
Population
200
Speed
Normal
Resources
Standard
Victory
Conquest
Starting age
Dark Age
Ending age
Imperial Age
RankedLock teamsTeams togetherTeam positionsShared explorationLock speedFull tech treeHidden civsTurbo modeCheats
Victory
Defeat
🇦🇹 Poles · Austria
1400
+12
🇩🇪 Cumans · Germany
1370
+14
🇹🇷 Magyars · Türkiye
1279
+17
🇮🇹 Slavs · Italy
1232
+20
🇪🇸 Aztecs · Spain
1342
-17
🇨🇳 Malians · China
1315
-16
🇨🇳 Spanish · China
1314
-16
🇵🇪 Georgians · Peru
1282
-14
Mapo
7:11 Loom
9:34 Feudal Age
15:47 Castle Age
17:41 Double-Bit Axe
23:57 Double-Bit Axe
27:08 Fletching
31:43 Bloodlines
31:35 Husbandry
31:34 Horse Collar
32:25 Heavy Plow
Mr.Brrum
7:58 Loom
10:30 Feudal Age
11:17 Double-Bit Axe
12:07 Town Watch
12:44 Horse Collar
18:09 Gold Mining
20:47 Castle Age
21:45 Bow Saw
22:42 Wheelbarrow
26:03 Hand Cart
27:49 Fervor
29:15 Sanctity
28:30 Pikeman
29:10 Squires
30:08 Scale Mail Armor
30:57 Eagle Warrior
31:54 Chain Mail Armor
35:14 Imperial Age
34:07 Forging
35:30 Gold Shaft Mining
34:45 Stone Mining
35:33 Iron Casting
36:27 Plate Mail Armor
35:35 Elite Eagle Warrior
36:48 Conscription
AGARRINI LA PALINI
0:43 Loom
11:49 Feudal Age
19:47 Double-Bit Axe
23:58 Castle Age
25:56 Squires
26:15 Pikeman
33:35 Wheelbarrow
34:15 Horse Collar
39:43 Imperial Age
蔡鳥
2:41 Loom
10:57 Feudal Age
15:40 Castle Age
16:27 Loom
23:38 Double-Bit Axe
27:21 Gold Mining
27:56 Bow Saw
38:50 Imperial Age
36:59 Wheelbarrow
37:08 Gold Shaft Mining
36:23 Stone Mining
Red Calypso
9:06 Loom
10:54 Feudal Age
12:43 Double-Bit Axe
13:27 Horse Collar
20:49 Castle Age
19:40 Bloodlines
21:27 Scale Barding Armor
21:33 Forging
21:35 Bloodlines
23:17 Heavy Plow
23:30 Bow Saw
24:46 Wheelbarrow
26:32 Stone Mining
34:01 Imperial Age
32:04 Hand Cart
32:57 Chain Barding Armor
33:03 Szlachta Privileges
34:23 Chain Barding Armor
35:05 Iron Casting
35:15 Conscription
34:18 Cavalier
36:15 Crop Rotation
36:57 Blast Furnace
36:38 Husbandry
LukasPlanet
7:30 Loom
10:11 Feudal Age
10:53 Double-Bit Axe
10:49 Horse Collar
21:43 Castle Age
22:12 Wheelbarrow
21:45 Fletching
21:55 Padded Archer Armor
21:52 Gold Mining
23:10 Bow Saw
23:11 Heavy Plow
23:16 Bodkin Arrow
23:36 Leather Archer Armor
24:00 Stone Mining
25:11 Gold Shaft Mining
25:10 Leather Archer Armor
26:51 Ballistics
28:08 Hand Cart
27:56 Light Cavalry
28:49 Bloodlines
33:16 Imperial Age
33:43 Steppe Husbandry
35:05 Chemistry
34:38 Ring Archer Armor
34:24 Town Watch
34:13 Elite Kipchak
35:39 Caravan
36:31 Cuman Mercenaries
Yunus
6:08 Loom
8:57 Feudal Age
10:05 Double-Bit Axe
13:07 Horse Collar
21:11 Castle Age
20:43 Scale Barding Armor
20:49 Bloodlines
28:06 Chain Barding Armor
30:27 Heavy Plow
30:38 Bow Saw
30:46 Gold Mining
32:52 Fletching
32:33 Light Cavalry
33:14 Husbandry
Dagoth_Ur
7:06 Loom
9:45 Feudal Age
13:28 Double-Bit Axe
15:19 Forging
23:18 Castle Age
21:28 Horse Collar
24:26 Wheelbarrow
24:08 Bow Saw
24:01 Heavy Plow
25:36 Gold Mining
28:01 Hand Cart
29:57 Padded Archer Armor
29:48 Fletching
30:12 Elite Skirmisher
31:53 Leather Archer Armor
31:34 Bodkin Arrow
32:16 Ballistics
31:57 Pikeman
32:38 Squires
37:21 Imperial Age
37:43 Gold Shaft Mining
Connection lost

Rejoining the realm…

Still unreachable

The connection could not be restored.

Session expired

The server has moved on; the page needs a fresh start.